 Dungeon Crawl Stone Soup version 0.29-a0-330-g52719c12eb (webtiles) character file.

Game seed: 13163801788632906859

21566 DuloT34 the Spry (level 12, -11/58 HPs)
             Began as a Felid Air Elementalist on May 17, 2022.
             Was an Initiate of Gozag.
             Mangled by a fire crab (14 damage)
             ... on level 4 of the Lair of Beasts.
             The game lasted 01:35:31 (41218 turns).

DuloT34 the Spry (Felid Air Elementalist)          Turns: 41218, Time: 01:35:32

Health: -11/58     AC:  3    Str:  4    XL:     12   Next: 55%
Magic:  21/29      EV: 29    Int: 21    God:    Gozag
Gold:   1765       SH:  5    Dex: 17    Spells: 14/36 levels left
                                        Lives:  0   Deaths: 4

rFire   . . .      SeeInvis +   (weapon unavailable)
rCold   + . .      Faith    .   (shield unavailable)
rNeg    + . .      Spirit   .   (body armour unavailable)
rPois   .          Reflect  +   (helmet unavailable)
rElec   .          Harm     +   (cloak unavailable)
rCorr   .          Rampage  .   (gloves unavailable)
Will    +....                   (boots unavailable)
Stlth   ++........              x - amulet of Maucurch {Reflect Harm rN+ Regen+ SH+5}
HPRegen 0.99/turn               (no ring)
MPRegen 0.21/turn               (no ring)

@: quick
A: very small, claws 1, fangs 3, see invisible, speed 1, shaggy fur 3, stealthy
paws, no weapons or thrown items, no armour, multi-lived
a: Renounce Religion, Potion Petition, Call Merchant, Bribe Branch


You were on level 4 of the Lair of Beasts.
You worshipped Gozag.
Gozag was most pleased with you.
You visited 2 branches of the dungeon, and saw 15 of its levels.
You also visited: Bailey.

You collected 4463 gold pieces.
You spent 807 gold pieces at shops.
You paid 1891 gold pieces to Gozag.

Inventory:

Jewellery
 h - the amulet "Duil" {Faith rC- Dex+7}
   (You found it on level 3 of the Dungeon)

   [amulet of faith]

   It allows you to gain divine favour quickly.
   Dex:       It affects your dexterity (+7).
   rC:        It makes you vulnerable to cold.
 o - an amulet of reflection
 x - the amulet of Maucurch (around neck) {Reflect Harm rN+ Regen+ SH+5}
   (You found it in a bailey)

   [amulet of reflection]

   It reflects blocked missile attacks.
   rN:        It protects you from negative energy.
   Regen:     It increases your rate of health regeneration.
   SH:        It affects your SH (+5).
   Harm:      It increases damage dealt and taken.
 A - a +6 ring of intelligence
 C - a +6 ring of strength
Wands
 i - a wand of flame (18)
 p - a wand of mindburst (5)
 s - a wand of iceblast (4)
 t - a wand of polymorph (7)
 y - a wand of acid (9)
 D - a wand of charming (6)
 F - a wand of paralysis (5)
Scrolls
 d - 3 scrolls of amnesia
 j - 10 scrolls of teleportation
 q - 2 scrolls of fog
 z - 3 scrolls of identify
 B - a scroll of noise
 G - a scroll of summoning
Potions
 a - a potion of magic
 b - a potion of invisibility
 c - 3 potions of curing
 e - 5 potions of haste
 f - a potion of degeneration
 g - a potion of resistance
 k - 2 potions of brilliance
 l - 2 potions of heal wounds
 m - a potion of ambrosia
 n - 3 potions of flight
 r - 2 potions of attraction
 u - a potion of might
 v - a potion of mutation
 w - a potion of lignification
Miscellaneous
 E - a box of beasts (inert)


   Skills:
 - Level 10.0 Fighting
 + Level 16.0 Dodging
 - Level 2.6 Stealth
 + Level 12.6 Spellcasting
 - Level 0.8 Conjurations
 + Level 4.3 Summonings
 - Level 12.6 Air Magic


You had 14 spell levels left.
You knew the following spells:

 Your Spells              Type           Power      Damage    Failure   Level
a - Shock                 Conj/Air       100%       1d9       1%          1
b - Static Discharge      Conj/Air       41%        N/A       1%          2
c - Airstrike             Air            30%        N/A       1%          4
d - Swiftness             Air            60%        N/A       1%          3
e - Blade Hands           Tmut           6%         N/A       80%         5
f - Summon Hydra          Summ           15%        N/A       100%        7

Your spell library contained the following spells:

 Spells                   Type           Power      Damage    Failure   Level
 Freeze                   Ice            52%        1d7       4%          1
 Sublimation of Blood     Necr           13%        N/A       8%          2
 Wereblood                Tmut           13%        N/A       8%          2
 Conjure Flame            Conj/Fire      15%        6-21      12%         3
 Frozen Ramparts          Ice            26%        1d4       16%         3
 Ignite Poison            Fire/Tmut/Pois 13%        N/A       16%         3
 Hailstorm                Conj/Ice       15%        3d5       38%         4
 Sticky Flame             Conj/Fire      15%        2d4       38%         4
 Portal Projectile        Hex/Tloc       Unusable   N/A       N/A         3
 Excruciating Wounds      Necr           Unusable   N/A       N/A         5

Dungeon Overview and Level Annotations

Branches:
Dungeon (11/15)            Temple (0/1) D:7            Lair (4/6) D:11
 Shoals (0/4) Lair:2       Spider (0/4) Lair:4          Orc (0/2) D:10
 Bailey (visited)

Altars:
Cheibriados
Dithmenos
Elyvilon
Gozag
Hepliaklqana
Makhleb
Nemelex Xobeh
Vehumet
Wu Jian
Yredelemnul
The Shining One

Shops:
D:2 (:[(   D:9 *   Lair:3 ??

Annotations:
D:5 2 runed translucent doors, kraktruk's ghost, novice HOAK
D:7 1 runed translucent door, Crazy Yiuf
D:8 4 runed translucent doors
Lair:2 2 transporters, kraktruk's ghost, journeyman DsAK


Innate Abilities, Weirdness & Mutations

You have sharp claws.
You have razor-sharp teeth.
You have supernaturally acute eyesight. (SInv)
You cover ground quickly. (Speed+)
Your thick and shaggy fur keeps you warm. (AC +3, rC+)
Your paws help you pounce on unaware monsters.
You are incapable of wielding weapons or throwing items.
You cannot wear armour.
You gain extra lives every three experience levels.


Message History

Done waiting.
There is an open translucent door here.
There is an open translucent door here.
Casting: Airstrike (safe; 1% risk of failure)
Confirm with . or Enter, or press ? or * to list all spells.
Aiming: Airstrike (safe; 1% risk of failure)
Press: ? - help, Dir - move target, f - fire crab
Aim: a fire crab (empty space bonus: 2/8)
The air twists around and strikes the fire crab!
The fire crab is lightly wounded.
The fire crab breathes flames at you.
You are engulfed in blazing flames.
You start resting.
A fire crab is nearby!
Casting: Airstrike (safe; 1% risk of failure)
Confirm with . or Enter, or press ? or * to list all spells.
Aiming: Airstrike (safe; 1% risk of failure)
Press: ? - help, Dir - move target, f/p - fire crab
Aim: a fire crab (lightly wounded, empty space bonus: 4/8)
The air twists around and strikes the fire crab!
The fire crab is moderately wounded.
Aiming: Polymorph
Press: ? - help, Shift-Dir - straight line, f/p - fire crab
Aim: a fire crab (moderately wounded, will become a culicivora, a queen bee, or a black bear, chance to affect: 31%)
The fire crab easily resists.
Casting: Airstrike (safe; 1% risk of failure)
Confirm with . or Enter, or press ? or * to list all spells.
The fire crab is struck by an arc of lightning.
The fire crab is moderately wounded.
The lightning grounds out.
The fire crab breathes flames at you. The blast of flame engulfs you.
As you read the scroll of summoning, it crumbles to dust.
Wisps of shadow whirl around you...
You are engulfed in blazing flames.
* * * LOW HITPOINT WARNING * * *
The fire crab bites you!
* * * LOW HITPOINT WARNING * * *
You are engulfed in flames!
You die...
Your body crumbles into a pile of gold.

#P..)..#.## #.....P........
##...#.#..####..........P...
#.................###...#...
#P................#...#.....
###########.................
#....t○○°○'.................
#.#########.○..Y............
#.# #tY○..#######..... #.#
#@B○..# ### #..... #.#


#YSw.Y# #.###..... #.# $ #○.○..###..###.... #.# #.YY.Y##.....+.... #t#
#......##......... #.# #.......#..##..... #.# #.....P##..###.... #.#
#......##.####.... #.# #.......P.P#P..... You could see a fire crab (ally
target), a friendly boulder beetle (summoned), a friendly torpor snail
(summoned), 7 friendly yaks and a friendly water moccasin (summoned).

Vanquished Creatures
  Rupert (Lair:3)
  A dire elephant (Lair:3)
  Harold (D:11)
  9 hydras
  Erolcha (D:11)
  A two-headed ogre (D:10)
  2 alligators (Lair:3)
  8 death yaks
  3 fire crabs (Lair:4)
  2 orc knights (Bailey)
  An ugly thing (D:11)
  2 manticores
  Maurice (D:11)
  2 black mambas
  7 elephants
  2 merfolk sirens (Lair:2)
  A torpor snail (Lair:4)
  Maggie (D:7)
  A gargoyle (D:11)
  10 cane toads
  5 komodo dragons
  A kobold demonologist (D:11)
  2 rime drakes (Lair:1)
  3 trolls
  2 merfolk (Lair:2)
  7 dream sheep
  3 blink frogs (Lair:3)
  A wyvern (Lair:2)
  A vampire (D:11)
  53 yaks
  A wraith (D:11)
  4 steam dragons
  Edmund (D:6)
  Menkaure (D:7)
  3 wargs (D:11)
  An acid dragon (D:11)
  8 water moccasins
  3 ice beasts
  16 orc warriors
  A sky beast (D:7)
  2 ogres
  A black bear (Lair:3)
  9 wolves
  4 centaurs
  A phantom (D:4)
  A kobold brigand (D:10)
  2 necrophages (D:7)
  15 bullfrogs
  3 gnoll sergeants
  6 scorpions
  15 wights
  The ghost of kundalo the Chopper, a weakling MiGl (D:4)
  3 killer bees (D:10)
  A howler monkey (D:8)
  An electric eel (Lair:3)
  4 orc priests
  7 hounds
  3 jellies
  An iron imp (D:7)
  A gnoll shaman (D:6)
  Natasha (twice) (D:3)
  Terence (D:2)
  17 orc wizards
  6 hell rats (Lair:3)
  26 gnolls
  7 adders
  3 white imps
  An ufetubus (D:5)
  2 worms
  2 dart slugs
  62 orcs
  3 ball pythons
  4 endoplasms (D:1)
  3 giant cockroaches
  13 goblins
  7 hobgoblins
  4 jackals (D:5)
  4 quokkas
  5 bats
  2 frilled lizards (D:1)
  9 kobolds
  5 rats
443 creatures vanquished.

Vanquished Creatures (others)
  A quokka (D:10)
  23 fungi
  18 plants
42 creatures vanquished.

Grand Total: 485 creatures vanquished

Notes
Turn   | Place    | Note
-------+----------+-------------------------------------------
     0 | D:1      | DuloT34 the Felid Air Elementalist began the quest for the
                  | Orb.
     0 | D:1      | Reached XP level 1. HP: 7/7 MP: 4/4
    13 | D:1      | Found a faded altar of an unknown god.
   422 | D:1      | Reached skill level 3 in Dodging
   652 | D:1      | Reached XP level 2. HP: 11/11 MP: 3/6
   655 | D:1      | Learned a level 2 spell: Static Discharge
  1649 | D:2      | Found Meneamid's Armour Emporium.
  1663 | D:2      | Noticed Terence
  1850 | D:2      | Killed Terence
  1851 | D:2      | Reached XP level 3. HP: 7/14 MP: 4/8
  2283 | D:2      | Found Heuhaij's Antique Weapon Boutique.
  2422 | D:2      | Found Ileurph's Weapon Boutique.
  2603 | D:2      | Reached skill level 4 in Dodging
  2632 | D:2      | Found Esidayl's Book Boutique.
  2963 | D:3      | Reached XP level 4. HP: 9/18 MP: 0/9
  3254 | D:3      | Identified the amulet "Duil" {Faith rC- Dex+7}
  3269 | D:3      | Noticed Natasha
  3578 | D:3      | Killed Natasha
  3579 | D:3      | Reached XP level 5. HP: 19/21 MP: 0/10
  3812 | D:3      | Noticed Natasha
  3815 | D:3      | Killed Natasha
  3975 | D:3      | Reached skill level 5 in Dodging
  4047 | D:3      | Noticed an ice beast
  4054 | D:3      | Learned a level 4 spell: Airstrike
  4073 | D:3      | Killed an ice beast
  4074 | D:3      | Gained mutation: You are covered in thick fur. (AC +2)
                  | [Felid growth]
  4074 | D:3      | Reached XP level 6. HP: 24/24 MP: 0/12
  4953 | D:4      | Reached skill level 6 in Dodging
  5060 | D:4      | Found a sparkling altar of Nemelex Xobeh.
  5061 | D:4      | Found an opulent altar of Gozag.
  5134 | D:4      | Became a worshipper of Gozag Ym Sagoz the Greedy
  5173 | D:4      | Noticed an orc warrior
  5694 | D:4      | Killed an orc warrior
  5695 | D:4      | Reached XP level 7. HP: 19/27 MP: 3/14
  6508 | D:4      | Found a runed translucent door.
  6693 | D:4      | Noticed kundalo's ghost (weakling MiGl)
  6698 | D:4      | Killed kundalo's ghost
  6699 | D:4      | Reached skill level 5 in Air Magic
  6924 | D:5      | Entered Level 5 of the Dungeon
  7023 | D:5      | Noticed a yak
  7023 | D:5      | Noticed a yak
  7023 | D:5      | Noticed a yak
  7023 | D:5      | Noticed a yak
  7024 | D:5      | Noticed a yak
  7106 | D:5      | Reached skill level 7 in Dodging
  7232 | D:5      | Found a burning altar of Makhleb.
  7662 | D:5      | Reached skill level 5 in Spellcasting
  7813 | D:5      | Found a shadowy altar of Dithmenos.
  7823 | D:5      | Found a hazy altar of Hepliaklqana.
  8257 | D:5      | Found a runed translucent door.
  8259 | D:5      | Noticed kraktruk's ghost (novice HOAK)
  8583 | D:5      | Noticed a yak
  8783 | D:5      | Found a runed translucent door.
  8950 | D:5      | Slain by a wight
  8951 | D:5      | Reached XP level 6. HP: -3/23 MP: 5/14
  9036 | D:6      | Reached XP level 7. HP: 20/27 MP: 9/15
  9142 | D:6      | Found a glowing golden altar of the Shining One.
  9573 | D:6      | Reached skill level 8 in Dodging
 10215 | D:6      | Noticed Edmund
 10216 | D:6      | Identified the +8 hand axe of the Median {vorpal, Str+6}
 10218 | D:6      | Found a radiant altar of Vehumet.
 10226 | D:6      | Killed Edmund
 10227 | D:6      | Reached XP level 8. HP: 25/31 MP: 0/18
 11170 | D:7      | Reached skill level 9 in Dodging
 11359 | D:7      | Found a snail-covered altar of Cheibriados.
 11846 | D:7      | Learned a level 3 spell: Swiftness
 11852 | D:7      | Learned a level 5 spell: Blade Hands
 11887 | D:7      | Found a staircase to the Ecumenical Temple.
 11896 | D:7      | Noticed Maggie
 12188 | D:7      | Killed from afar by Maggie
 12189 | D:7      | Reached XP level 7. HP: -15/27 MP: 4/17
 12197 | D:7      | Killed Maggie
 12198 | D:7      | Reached skill level 1 in Fighting
 12198 | D:7      | Reached XP level 8. HP: 32/32 MP: 17/19
 12270 | D:7      | Noticed a troll
 12275 | D:7      | Killed a troll
 12619 | D:7      | Noticed Menkaure
 12694 | D:7      | Killed Menkaure
 12695 | D:7      | Reached skill level 10 in Dodging
 12954 | D:7      | Found a runed translucent door.
 12955 | D:7      | Noticed Crazy Yiuf
 13674 | D:8      | Reached XP level 9. HP: 38/38 MP: 2/21
 15086 | D:8      | Found a large runed translucent door.
 15086 | D:8      | Found a large runed translucent door.
 15089 | D:8      | Noticed a white ugly thing
 15089 | D:8      | Noticed an unseen horror
 15234 | D:8      | Found a large runed translucent door.
 15234 | D:8      | Found a large runed translucent door.
 15339 | D:8      | Found a basalt altar of Yredelemnul.
 15578 | D:8      | Noticed an eight-headed hydra
 16514 | D:8      | Killed an eight-headed hydra
 16851 | D:8      | Noticed a troll
 17073 | D:8      | Reached skill level 5 in Fighting
 17440 | D:8      | Killed a troll
 17633 | D:8      | Identified the +6 great sword of Bloody Death {flame, rF+}
 17685 | D:9      | Reached XP level 10. HP: 23/44 MP: 5/23
 18179 | D:9      | Found a flagged portal.
 18195 | Bailey   | Entered a bailey
 19582 | Bailey   | Found the +11 plutonium sword {Contam Stlth-}
 19585 | Bailey   | Noticed an orc knight
 19585 | Bailey   | Noticed an orc knight
 19675 | Bailey   | Killed an orc knight
 19750 | Bailey   | Killed an orc knight
 20098 | Bailey   | Identified the amulet of Maucurch {Reflect Harm rN+ Regen+
                  | SH+5}
 21135 | D:10     | Entered Level 10 of the Dungeon
 21642 | D:10     | Found an ornate altar of the Wu Jian Council.
 21658 | D:10     | Noticed a two-headed ogre
 22021 | D:10     | Noticed a six-headed hydra
 22978 | D:9      | Reached XP level 11. HP: 40/50 MP: 17/25
 23124 | D:9      | Bought a wand of acid (4) for 176 gold pieces
 23124 | D:9      | Bought a potion of haste for 220 gold pieces
 23124 | D:9      | Bought 2 scrolls of teleportation for 132 gold pieces
 23421 | D:10     | Killed a two-headed ogre
 23687 | D:10     | Found a white marble altar of Elyvilon.
 23711 | D:10     | Killed a six-headed hydra
 23712 | D:10     | Reached skill level 10 in Air Magic
 24105 | D:10     | Found a staircase to the Orcish Mines.
 24279 | D:11     | Noticed an eight-headed hydra
 24292 | D:11     | Killed an eight-headed hydra
 24475 | D:11     | Noticed Erolcha
 24478 | D:11     | Killed Erolcha
 24559 | D:11     | Reached skill level 10 in Spellcasting
 24611 | D:11     | Noticed a cyan ugly thing
 24616 | D:11     | Killed a cyan ugly thing
 24617 | D:11     | Reached skill level 11 in Dodging
 24791 | D:11     | Noticed Maurice
 24795 | D:11     | Killed Maurice
 25514 | D:11     | Noticed Harold
 25521 | D:11     | Killed Harold
 26482 | D:11     | Found a staircase to the Lair.
 26627 | D:11     | Reached skill level 12 in Dodging
 26940 | Lair:1   | Entered Level 1 of the Lair of Beasts
 26960 | Lair:1   | Gained mutation: Your thick and shaggy fur keeps you warm.
                  | (AC +3, rC+) [Felid growth]
 26960 | Lair:1   | Reached XP level 12. HP: 57/57 MP: 10/27
 27297 | Lair:1   | Noticed a seven-headed hydra
 27357 | Lair:1   | Killed a seven-headed hydra
 29249 | Lair:1   | Reached skill level 13 in Dodging
 29904 | Lair:2   | Reached skill level 10 in Fighting
 30354 | Lair:2   | Noticed a death yak
 30458 | Lair:2   | Noticed a death yak
 30458 | Lair:2   | Noticed a death yak
 30494 | Lair:1   | Killed a death yak
 30652 | Lair:1   | Killed a death yak
 31192 | Lair:1   | Killed a death yak
 31432 | Lair:2   | Found a staircase to the Shoals.
 31469 | Lair:2   | Found a transporter.
 31747 | Lair:2   | Found a transporter.
 31750 | Lair:2   | Noticed kraktruk's ghost (journeyman DsAK)
 31882 | Lair:2   | Reached XP level 13. HP: 61/61 MP: 17/29
 32247 | Lair:3   | Noticed Rupert
 32288 | Lair:3   | Mangled by Rupert
 32289 | Lair:3   | Reached XP level 12. HP: -11/58 MP: 8/28
 32297 | Lair:3   | Killed Rupert
 32298 | Lair:3   | Reached skill level 14 in Dodging
 33148 | Lair:3   | Noticed a six-headed hydra
 33160 | Lair:3   | Killed a six-headed hydra
 33292 | Lair:3   | Noticed a four-headed hydra
 33332 | Lair:3   | Killed a four-headed hydra
 33595 | Lair:3   | Noticed an alligator
 33596 | Lair:3   | Noticed a seven-headed hydra
 33614 | Lair:3   | Killed a seven-headed hydra
 34150 | Lair:3   | Noticed an alligator
 34352 | Lair:3   | Killed an alligator
 34529 | Lair:3   | Killed an alligator
 34747 | Lair:3   | Noticed a dire elephant
 34747 | Lair:3   | Noticed a four-headed hydra
 34747 | Lair:3   | Noticed a death yak
 34747 | Lair:3   | Noticed a death yak
 34747 | Lair:3   | Noticed a death yak
 34747 | Lair:3   | Noticed a death yak
 34747 | Lair:3   | Noticed a death yak
 35037 | Lair:3   | Killed a dire elephant
 35201 | Lair:3   | Killed a four-headed hydra
 35514 | Lair:3   | Reached skill level 15 in Dodging
 35751 | Lair:3   | Killed a death yak
 35848 | Lair:3   | Bought a scroll of fog for 24 gold pieces
 35848 | Lair:3   | Bought a scroll of identify for 24 gold pieces
 35848 | Lair:3   | Bought a scroll of fog for 24 gold pieces
 35848 | Lair:3   | Bought a scroll of identify for 24 gold pieces
 35848 | Lair:3   | Bought a scroll of teleportation for 36 gold pieces
 35848 | Lair:3   | Identified a scroll of acquirement
 35854 | Lair:3   | Acquired a book of Blood
 35864 | Lair:3   | Learned a level 7 spell: Summon Hydra
 35937 | Lair:3   | Killed a death yak
 36254 | Lair:3   | Killed a death yak
 36255 | Lair:3   | Reached skill level 1 in Summonings
 36428 | Lair:3   | Killed a death yak
 36429 | Lair:3   | Reached XP level 13. HP: 49/61 MP: 9/30
 37320 | Lair:4   | Found a runed translucent door.
 38303 | Lair:3   | Bought a scroll of teleportation for 42 gold pieces
 38303 | Lair:3   | Bought a scroll of blinking for 105 gold pieces
 39376 | Lair:4   | Found a hole to the Spider Nest.
 40454 | Lair:4   | HP: 3/61 [something (15)]
 40455 | Lair:4   | Reached skill level 16 in Dodging
 40455 | Lair:4   | Engulfed by a cloud of flame
 40456 | Lair:4   | Reached XP level 12. HP: -17/58 MP: 8/29
 40615 | Lair:4   | HP: 1/58 [fire crab] (15)]
 40852 | Lair:4   | Noticed an entropy weaver
 41218 | Lair:4   | Mangled by a fire crab

Illustrated notes

Levels and vault maps discovered:
D:1:      pf_arrival_petrified_forest, layout_basic,
          hellmonk_ecumenical_altar_slurped_away, minmay_misc_feat_iff
D:2:      layout_basic, serial_shops, nicolae_shop_waterfront,
          nicolae_lakefront_shop, nicolae_shop_hallway_plus, nicolae_shop_stone,
          uniq_terence
D:3:      layout_loops_cross, minmay_misc_feat_room, uniq_natasha
D:4:      layout_basic, grunt_temple_overflow_opulence,
          ebering_ghost_reflecting_pool
D:5:      layout_loops_corners, minitemple, ebering_ghost_sewer_f
D:6:      layout_loops_ring, tso_altar, vehumet_crystals, uniq_edmund
D:7:      layout_loops_ring, chei_slow_surprise, minmay_temple_entry_mist,
          grunt_ministairs_3, uniq_menkaure, uniq_maggie,
          uniq_crazy_yiuf_cottage
D:8:      layout_cave_pools, mainiacjoe_overflow_brackets,
          minmay_hollow_rounded_squares
D:9:      layout_basic, enter_bailey_3, dreamdust_wishing_well
D:10:     layout_roguey, nzn_wu_jian_contemplation, elyvilon_altar_4,
          david_orc_4, grunt_ministairs_3
D:11:     layout_irregular_city, erik_lair_orcish_takeover,
          roderic_roman_lattice, uniq_maurice, uniq_erolcha, uniq_harold
Lair:1:   layout_regular_city, infiniplex_staircase_pool_2, grunt_megastairs_1,
          lemuel_fruit_fields
Lair:2:   layout_long_grid, elwin_shoals_entry_stream,
          gammafunk_ghost_berserking_beasts, grunt_megastairs_5
Lair:3:   layout_cave_pods, nicolae_lair_lakeside_cave, lemuel_fruit_tree,
          uniq_rupert
Lair:4:   gammafunk_mikee_crab_dinner, layout_regular_city,
          nicolae_spider_entry_non_spiders, lemuel_fruit_fields

Skill      XL: |  1  2  3  4  5  6  7  8  9 10 11 12 13 |
---------------+----------------------------------------+-----
Dodging        | 3 4 5 6 8 10 12 15 16 | 16.0
Air Magic      | 3 4 7 8 9 10 12 | 12.6
Spellcasting   | 3 4 6 7 8 9 10 12 | 12.6
Fighting       | 1 3 5 7 9 10 | 10.0
Summonings     | 1 4 |  4.3
Stealth        | |  2.6
Conjurations   | |  0.8

Action                   |  1- 3 |  4- 6 |  7- 9 | 10-12 | 13-15 || total
-------------------------+-------+-------+-------+-------+-------++-------
Melee: Unarmed           |    20 |     5 |    16 |    34 |    10 ||    85
       Bite              |     1 |       |     4 |     8 |     2 ||    15
       Punch             |       |       |       |     2 |     1 ||     3
 Cast: Shock             |    66 |    76 |   150 |    68 |     5 ||   365
       Static Discharge  |    11 |    18 |    68 |    58 |    31 ||   186
       Airstrike         |       |     8 |   115 |   469 |    94 ||   686
       Swiftness         |       |       |       |     4 |     1 ||     5
Invok: Call Merchant     |       |       |       |     2 |     1 ||     3
Evoke: Wand              |       |     4 |    20 |    17 |     8 ||    49
       Box of beasts     |       |       |       |     1 |       ||     1
  Use: Scroll            |     9 |     3 |     2 |    19 |     1 ||    34
       Potion            |     1 |       |       |     7 |     1 ||     9
 Stab: Sleeping          |       |       |       |     2 |       ||     2
Armor: Skin              |       |       |     4 |     8 |     5 ||    17
Dodge: Dodged            |    25 |    21 |    99 |   185 |    96 ||   426
Block: Other             |       |       |     6 |    38 |    19 ||    63
       Reflection        |       |       |       |     6 |       ||     6

Table legend: (Time is in decaauts)
 A = Elapsed time spent in this place.
 B = Non-inter-level travel time spent in this place.
 C = Inter-level travel time spent in this place.
 D = Time resting spent in this place.
 E = Time spent auto-exploring this place.
 F = Levels seen in this place.
 G = Mean time per level.
                   A        B        C        D        E       F      G
               +--------+--------+--------+--------+--------+-----+--------+
         Total |  38591 |  37936 |    655 |  18162 |  14752 |  16 | 2411.9 |
       Dungeon |  23585 |  23234 |    351 |  11614 |   8752 |  11 | 2144.1 |
          Lair |  12990 |  12686 |    304 |   5542 |   5405 |   4 | 3247.5 |
        Bailey |   2015 |   2015 |      0 |   1005 |    593 |   1 | 2015.0 |
               +--------+--------+--------+--------+--------+-----+--------+

Top non-repeatable levels by time:
  Lair:3: 5372 daAuts
     D:7: 4598 daAuts
  Lair:1: 3001 daAuts
     D:9: 2713 daAuts
    D:11: 2585 daAuts
  Lair:2: 2538 daAuts
  Lair:4: 2078 daAuts
  Bailey: 2015 daAuts
     D:8: 2000 daAuts
     D:4: 1998 daAuts
     D:3: 1954 daAuts
     D:6: 1777 daAuts
    D:10: 1725 daAuts
     D:5: 1599 daAuts
     D:1: 1577 daAuts
